 Dungeon Crawl Stone Soup version 0.31-a0-523-g071a6c1ffa (webtiles) character file.

Game seed: 17085851063291873721

670 IdlyInterested the Changeling (level 7, 0/38 (53) HPs)
             Began as a Demonspawn Shapeshifter on Aug 11, 2023.
             Slain by an orc warrior
             ... wielding a +1 hand axe of draining
              (2 damage)
             ... on level 5 of the Dungeon.
             The game lasted 00:14:10 (4533 turns).

IdlyInterested the Changeling (DsSh)                Turns: 4533, Time: 00:14:11

HP:   0/38 (53)     AC: 11    Str: 15    XL:     7   Next: 32%
MP:   7/7           EV:  7    Int: 10    God:
Gold: 194           SH:  0    Dex: 15    Spells: 6/6 levels left

rFire   . .          .
                       - Unarmed
rCold   . . .        (no shield)
rNeg    . . .        m - +0 chain mail
rPois   .            (helmet currently unavailable)
rElec   .            A - melded +0 cloak
rCorr   .            q - melded +0 pair of gloves
SInv    .            u - melded +0 pair of boots
Will    .....        (no amulet) Stlth
                     s - ring of flight
HPRegen 0.26/turn    (no ring)
MPRegen 0.10/turn

%: no passive effects
@: beast-form, flying, very heavily drained
A: beast (slay +3), slimy green scales 2, spiny 1
a: Begin Untransformation


You were on level 5 of the Dungeon.
You were a hulking beast.
You visited 1 branch of the dungeon, and saw 5 of its levels.

You collected 194 gold pieces.

Inventory:

Hand Weapons
 w - a +2 dagger of venom
 I - a +0 flail
 J - a +0 hand axe
 K - a +0 trident
Missiles
 e - 25 stones
 j - 10 poisoned darts (quivered)
 l - a throwing net
 x - 4 javelins
 H - 3 boomerangs
Armour
 m - a +0 chain mail (worn)
 o - a +0 barding
 q - a +0 pair of gloves (melded)
 u - a +0 pair of boots (melded)
 A - a +0 cloak (melded)
 D - a +0 plate armour
Jewellery
 s - a ring of flight (left hand)
Talismans
 c - a beast talisman (active)
 d - a flux talisman
 r - a talisman of death
Wands
 E - a wand of polymorph (11)
 L - a wand of mindburst (12)
Scrolls
 a - a scroll of blinking
 f - a scroll of teleportation {unknown}
 g - a scroll of acquirement {unknown}
 y - a scroll of revelation {unknown}
 B - a scroll of butterflies {unknown}
 C - a scroll of vulnerability {unknown}
 G - a scroll of enchant armour {unknown}
Potions
 b - a potion of lignification
 i - a potion of brilliance {unknown}
 k - a potion of cancellation
 p - a potion of attraction
 t - a potion of magic
 v - a potion of invisibility
 z - a potion of degeneration {unknown}
 F - a potion of might {unknown}


   Skills:
 + Level 3.9 Fighting
 - Level 1.0 Throwing
 + Level 1.7 Armour
 - Level 2.0 Dodging
 - Level 1.0 Stealth
 - Level 3.0 Unarmed Combat
 - Level 1.0 Evocations
 * Level 5.2 Shapeshifting


You had 6 spell levels left.
You didn't know any spells.
Your spell library contained the following spells:

 Spells                   Type           Power      Damage    Failure   Level
 Sting                    Tmut/Pois      0%         1d3       99%         1
 Poisonous Vapours        Pois/Air       0%         N/A       100%        2
 Frozen Ramparts          Ice            0%         1d1       100%        3
 Olgreb's Toxic Radiance  Pois           0%         N/A       100%        4
 Petrify                  Tmut/Erth      0%         N/A       100%        4
 Metabolic Englaciation   Hex/Ice        0%         N/A       100%        5


Dungeon Overview and Level Annotations

Branches:
Dungeon (5/15)
 Temple: D:4-7

Altars:
Dithmenos
Fedhas
Ru
Wu Jian

Shops:
D:1 [


Innate Abilities, Weirdness & Mutations

You are a hulking beast.
Your limbs bulge with bestial killing power. (Slay +3)
You are mostly covered in slimy green scales. (AC +3)
You are partially covered in sharp spines.


Message History

The orc warrior hits you with a +1 hand axe of draining.
You feel drained.
You hit the orc warrior.
The orc warrior is moderately wounded.
The orc warrior hits you but does no damage.
You feel drained.
You hit the orc warrior but do no damage.
The orc warrior is moderately wounded.
The orc warrior is struck by your spines.
The orc warrior hits you with a +1 hand axe of draining.
You feel drained.
You closely miss the orc warrior.
The orc warrior is severely wounded.
The orc warrior closely misses you.
You completely miss the orc warrior.
The orc warrior is severely wounded.
The orc warrior hits you with a +1 hand axe of draining.
You feel drained.
You hit the orc warrior.
The orc warrior is almost dead.
You hit the orc warrior but do no damage.
The orc warrior is almost dead.
The orc warrior hits you with a +1 hand axe of draining.
You feel drained.
You hit the orc warrior.
The orc warrior is almost dead.
The orc warrior hits you with a +1 hand axe of draining!
You feel drained.
You hit the orc warrior but do no damage.
The orc warrior is almost dead.
The orc warrior hits you with a +1 hand axe of draining.
* * * LOW HITPOINT WARNING * * *
You feel drained.
* * * LOW HITPOINT WARNING * * *
You hit the orc warrior but do no damage.
The orc warrior is almost dead.
The orc warrior hits you with a +1 hand axe of draining.
* * * LOW HITPOINT WARNING * * *
You feel drained.
You die...

.....#.######..
#....#.....##..
#.##.#...†....#
#...........#..
#.##.###....#..
#......#....#..
#..#.#.#....#..
###.######..#.#.#..###..
......oh......#.#.......
..##..##....###.#....#..
.... ###### #..<...#..
#.## ########.. # ####..
...... ...... ≈≈.#.. .≈
#..


You could see an orc warrior.

Vanquished Creatures
  Menkaure (D:5)
  2 phantoms
  An orc priest (D:5)
  2 hounds
  A gnoll bouda (D:5)
  2 iguanas
  2 orc wizards (D:5)
  4 gnolls (D:5)
  5 adders
  2 worms
  3 dart slugs
  9 orcs
  8 endoplasms
  4 giant cockroaches
  9 goblins
  8 hobgoblins
  5 jackals
  7 kobolds
  3 quokkas
  7 ball pythons
  4 bats
  9 frilled lizards
  2 rats (D:1)
100 creatures vanquished.

Notes
Turn   | Place    | Note
-------+----------+-------------------------------------------
     0 | D:1      | IdlyInterested the Demonspawn Shapeshifter began the quest
                  | for the Orb.
     0 | D:1      | Reached XP level 1. HP: 15/15 MP: 1/1
     2 | D:1      | You fall into a shaft and drop 1 floor!
   116 | D:1      | Gained mutation: You are partially covered in sharp spines.
                  | [demonic ancestry]
   116 | D:1      | Reached XP level 2. HP: 19/21 MP: 2/2
   274 | D:1      | Reached skill level 3 in Shapeshifting
   287 | D:1      | Found Saxilegu's Antique Armour Shoppe.
   902 | D:1      | Gained mutation: You are partially covered in slimy green
                  | scales. (AC +2) [demonic ancestry]
   902 | D:1      | Reached XP level 3. HP: 26/26 MP: 3/3
  1689 | D:2      | Reached XP level 4. HP: 33/33 MP: 4/4
  1955 | D:3      | Found a sacrificial altar of Ru.
  2059 | D:3      | Reached skill level 1 in Stealth
  2164 | D:3      | Found a shadowy altar of Dithmenos.
  2386 | D:3      | Found a blossoming altar of Fedhas.
  2395 | D:3      | Reached XP level 5. HP: 39/39 MP: 5/5
  2516 | D:3      | Found a faded altar of an unknown god.
  3061 | D:4      | Noticed a phantom
  3069 | D:4      | Reached skill level 4 in Shapeshifting
  3081 | D:4      | Killed a phantom
  3082 | D:4      | Reached skill level 1 in Throwing
  3335 | D:4      | Found an ornate altar of the Wu Jian Council.
  3398 | D:4      | Gained mutation: You are mostly covered in slimy green
                  | scales. (AC +3) [demonic ancestry]
  3398 | D:4      | Reached XP level 6. HP: 25/47 MP: 6/6
  3782 | D:5      | Entered Level 5 of the Dungeon
  3827 | D:5      | Reached skill level 1 in Evocations
  4128 | D:5      | Noticed Ijyb
  4137 | D:5      | Ijyb changed into Ijyb the orc
  4137 | D:5      | Noticed Ijyb
  4138 | D:5      | Killed Ijyb the orc
  4207 | D:5      | Reached skill level 1 in Armour
  4215 | D:5      | Reached skill level 5 in Shapeshifting
  4215 | D:5      | Reached XP level 7. HP: 33/52 MP: 7/7
  4364 | D:5      | Noticed Menkaure
  4373 | D:5      | Killed Menkaure
  4533 | D:5      | HP: 2/40 [orc warrior/+1 hand axe of draining (6)]
  4533 | D:5      | Slain by an orc warrior

Illustrated notes

Levels and vault maps discovered:
D:1:      dpeg_arrival_prison, layout_loops_corners, serial_shops,
          nicolae_shop_overgrown_old_shop
D:2:      layout_loops_ring, minmay_stone_trees_small
D:3:      layout_loops_ring, fedhas_altar_1, nicolae_ru_the_path_less_chosen,
          mainiacjoe_overflow_tiny_flanked, serial_glass, glass_columns_a,
          glass_columns_a, glass_columns_a, glass_columns_a, glass_columns_a,
          glass_columns_a, basic_ecumenical_altar,
          nicolae_houndstooth_variations
D:4:      layout_gridville, nicolae_wu_jian_immortal_techniques, nrook_campfire
D:5:      layout_basic, mainiacjoe_overflow_concentric_impassable,
          grunt_decor_resistance, minmay_misc_feat_secret_circle, nrook_uturn,
          guppyfry_early_orc_mine, uniq_menkaure, uniq_ijyb

Skill      XL: |  1  2  3  4  5  6 |
---------------+-------------------+-----
Shapeshifting  | 3 4 5 |  5.2
Unarmed Combat | 3 |  3.0
Dodging        | 2 |  2.0
Fighting       | 2 3 |  3.9
Stealth        | 1 |  1.0
Throwing       | 1 |  1.0
Evocations     | 1 |  1.0
Armour         | 1 |  1.7

Action                     |  1- 3 |  4- 6 |  7- 9 || total
---------------------------+-------+-------+-------++-------
  Melee: Unarmed           |    95 |   146 |    22 ||   263
         Punch             |     3 |     2 |       ||     5
  Throw: Dart              |       |     1 |       ||     1
Ability: Begin Untransform |       |     5 |       ||     5
  Evoke: Wand              |       |     1 |       ||     1
    Use: Scroll            |       |     6 |       ||     6
   Stab: Sleeping          |     1 |       |       ||     1
 Armour: Animal skin       |     4 |       |       ||     4
         Chain mail        |    35 |    70 |     5 ||   110
  Dodge: Dodged            |    25 |    53 |     5 ||    83
   Form: Beast             |       |     5 |       ||     5

Table legend: (Time is in decaauts)
 A = Elapsed time spent in this place.
 B = Non-inter-level travel time spent in this place.
 C = Inter-level travel time spent in this place.
 D = Time resting spent in this place.
 E = Time spent auto-exploring this place.
 F = Levels seen in this place.
 G = Mean time per level.
                   A        B        C        D        E       F      G
               +--------+--------+--------+--------+--------+-----+--------+
         Total |   4513 |   3905 |    608 |    531 |   2309 |   5 |  902.6 |
       Dungeon |   4513 |   3905 |    608 |    531 |   2309 |   5 |  902.6 |
               +--------+--------+--------+--------+--------+-----+--------+

Top non-repeatable levels by time:
     D:1: 1124 daAuts
     D:3: 1090 daAuts
     D:4: 993 daAuts
     D:2: 694 daAuts
     D:5: 611 daAuts
